 Dungeon Crawl Stone Soup version 0.23-a0-319-gb40ba49 (webtiles) character file.

12 namelastname112 the Chopper (level 2, 27/27 HPs)
             Began as a Draconian Wanderer on Oct 14, 2018.
             Quit the game on level 1 of the Dungeon.
             The game lasted 00:00:35 (374 turns).

namelastname112 the Chopper (Draconian Wanderer)     Turns: 374, Time: 00:00:36

Health: 27/27      AC:  4    Str: 18    XL:     2   Next: 20%
Magic:  2/2        EV: 11    Int: 11    God:
Gold:   18         SH:  0    Dex:  7    Spells: 1/1 levels left

rFire    . . .     SeeInvis .   a - +2 hand axe
rCold    . . .     Gourm    .   (no shield)
rNeg     . . .     Faith    .   (armour unavailable)
rPois    .         Spirit   .   (helmet restricted)
rElec    .         Reflect  .   (no cloak)
rCorr    .         Harm     .   (no gloves)
MR       .....                  (no boots)
Stlth    +.........             (no amulet)
HPRegen  0.09/turn              (no ring)
MPRegen  0.08/turn              (no ring)

@: no status effects
A: unfitting armour, cold-blooded, AC +4
a: no special abilities


You were on level 1 of the Dungeon.
You were not hungry.

You visited 1 branch of the dungeon, and saw 1 of its levels.

You collected 18 gold pieces.

Inventory:

Hand Weapons
 a - a +2 hand axe (weapon)
Scrolls
 b - a scroll of teleportation
 g - a scroll of immolation {unknown}
 h - a scroll of remove curse {unknown}
Potions
 c - a potion of lignification
 e - 2 potions of degeneration {unknown}
Comestibles
 d - 2 rations


   Skills:
 + Level 3.7 Fighting
 - Level 5.0 Axes
 - Level 1.0 Throwing
 + Level 1.1 Dodging
 - Level 1.0 Stealth


You had one spell level left.
You didn't know any spells.
Your spell library was empty.

Dungeon Overview and Level Annotations

Branches:
Dungeon (1/15)

Altars:


Innate Abilities, Weirdness & Mutations

Your plain brown scales are hard. (AC +4)
You cannot fit into any form of body armour.
You are cold-blooded and may be slowed by cold attacks.


Message History

A leopard gecko is nearby!
You slash the leopard gecko!
You kill the leopard gecko!
No target in view!
No target in view!
No target in view!
You now have 18 gold pieces (gained 7).
Key pressed, stopping explore.
All of the chunks of flesh in your inventory have rotted away.
You open the door.
There is an open door here.
Key pressed, stopping explore.
Key pressed, stopping explore.
Found a whip.
A kobold comes into view.
The kobold shouts!
You hear a shout!
The kobold throws a stone.
The stone barely misses you.
You see here a stone.
A kobold is nearby!
Are you sure you want to abandon this character and quit the game? (Confirm

##..#.#.#.#.##....#.
....................
##..................
....................
#.
.#)##..#.#####.....
#.##.##..#...........
#.........#######.###
K######..##.## #.# #
.......@.##.# #.# #
...###...##.# #.###
..#..##.# #....
#.⌠.#.###.# ##### #..
#.# .# # ≈≈## ≈.. #
≈≈≈ ... ≈≈ ...


You could see a kobold.

Vanquished Creatures
  A dart slug (D:1)
  A leopard gecko (D:1)
  2 bats (D:1)
  A goblin (D:1)
  A hobgoblin (D:1)
  A kobold (D:1)
  A rat (D:1)
8 creatures vanquished.

Notes
Turn   | Place    | Note
-------+----------+-------------------------------------------
     0 | D:1      | namelastname112 the Draconian Wanderer began the quest for
                  | the Orb.
     0 | D:1      | namelastname112 set off with: a +2 hand axe, a scroll of
                  | teleportation, a potion of lignification, a ration
     0 | D:1      | Reached XP level 1. HP: 19/19 MP: 1/1
   291 | D:1      | Reached skill level 1 in Dodging
   291 | D:1      | Reached XP level 2. HP: 26/26 MP: 2/2
   374 | D:1      | Quit the game

Vault maps used:
D:1:      evilmike_arrival_run_for_it, chequers_serial_rivers_large_b,
          fountainhead, minmay_strange_pillars

Skill      XL: |  1 |
---------------+----+-----
Dodging        | 1 |  1.1
Fighting       | |  3.7
Axes           | |  5.0
Throwing       | |  1.0
Stealth        | |  1.0

Action                   || total
-------------------------++-------
Melee: Hand axe          ||    21
       Tailslap          ||     2
Armor: Skin              ||     9
Dodge: Dodged            ||    13

Table legend:
 A = Non-vault XP
 B = Vault XP
 C = Vault XP percentage of total XP
 D = Non-vault monster count
 E = Vault monster count
 F = Vault count percentage of total count
                 A         B        C        D         E       F
            +---------+---------+-------+---------+---------+-------
      Total |      18 |       0 |   0.0 |       8 |       0 |   0.0
            +---------+---------+-------+---------+---------+-------
        D:1 |      18 |       0 |   0.0 |       8 |       0 |   0.0
            +---------+---------+-------+---------+---------+-------
